AoeStats
← Mycorrhizal

Oasis

509963894Analyzed
4v4 RM · 3d ago on Sep 28, 2026· 28m 9s· 8 players
Game mode
Random Map
Map size
Large (8 player)
Population
200
Speed
Normal
Resources
Standard
Victory
Conquest
Starting age
Dark Age
Ending age
Imperial Age
RankedLock teamsTeams togetherTeam positionsShared explorationLock speedFull tech treeHidden civsTurbo modeCheats
Victory
Defeat
🇫🇮 Mongols · Finland
1394
+19
🇮🇳 Varangians · India
1372
+20
🇨🇱 Khitans · Chile
1365
+20
🇦🇷 Maya · Argentina
1356
+21
🇨🇦 Varangians · Canada
1527
-22
🇨🇦 Maya · Canada
1475
-21
🇨🇳 Teutons · China
1432
-19
🇨🇦 Persians · Canada
1420
-18
hchxie
6:50 Loom
10:37 Feudal Age
25:50 Fletching
小三輪司機
9:57 Feudal Age
12:04 Scale Barding Armor
12:27 Double-Bit Axe
14:03 Bloodlines
15:11 Loom
20:13 Horse Collar
21:48 Forging
26:30 Castle Age
26:00 Gold Mining
28:24 Iron Casting
28:11 Chain Barding Armor
超神猪与猫
10:37 Feudal Age
15:00 Castle Age
13:08 Gold Mining
13:21 Loom
13:44 Double-Bit Axe
14:09 Horse Collar
19:39 Wheelbarrow
19:52 Forging
21:54 Hand Cart
27:13 Heavy Plow
28:07 Bow Saw
Mycorrhizal
0:31 Loom
11:53 Feudal Age
20:21 Double-Bit Axe
23:00 Fletching
23:51 Padded Archer Armor
Flash
3:45 Loom
13:02 Feudal Age
14:56 Scale Barding Armor
14:57 Double-Bit Axe
14:53 Horse Collar
18:26 Bloodlines
23:05 Castle Age
21:53 Fletching
22:13 Gold Mining
23:14 Padded Archer Armor
23:45 Bodkin Arrow
23:29 Light Cavalry
24:22 Bow Saw
26:09 Light Cavalry
RockAxe8716
9:11 Feudal Age
10:10 Double-Bit Axe
11:57 Bloodlines
15:18 Horse Collar
17:12 Scale Barding Armor
20:36 Forging
27:24 Castle Age
26:04 Gold Mining
27:29 Light Cavalry
28:32 Chain Barding Armor
28:48 Iron Casting
28:41 Bow Saw
28:34 Heavy Plow
_Mewtwo
6:06 Loom
8:51 Feudal Age
9:22 Double-Bit Axe
11:35 Forging
15:48 Domestication
16:22 Scale Barding Armor
20:30 Castle Age
18:56 Gold Mining
21:23 Husbandry
22:02 Iron Casting
22:08 Bow Saw
22:50 Pastoralism
26:06 Chain Barding Armor
26:41 Wheelbarrow
PocaChota
0:30 Loom
9:44 Feudal Age
10:32 Double-Bit Axe
18:17 Padded Archer Armor
18:08 Fletching
25:19 Castle Age
25:28 Gold Mining
25:21 Horse Collar
25:57 Bodkin Arrow
26:24 Bow Saw
27:16 Ballistics
27:30 Guard Tower
Connection lost

Rejoining the realm…

Still unreachable

The connection could not be restored.

Session expired

The server has moved on; the page needs a fresh start.